 Dungeon Crawl Stone Soup version 0.20.0-15-g7f486f2 (webtiles) character file.

50470 Jakon the Fencer (level 14, -15/135 HPs)
             Began as a Minotaur Fighter on June 22, 2017.
             Was the Champion of Okawaru.
             Killed from afar by a human (28 damage)
             ... with an exploding inner flame
             ... hexed by the player character
             ... on level 14 of the Dungeon.
             The game lasted 01:36:36 (23271 turns).

Jakon the Fencer (Minotaur Fighter)                Turns: 23271, Time: 01:36:37

Health: -15/135    AC: 23    Str: 29    XL:     14   Next: 19%
Magic:  13/13      EV:  8    Int:  7    God:    Okawaru [******]
Gold:   1599       SH:  4    Dex: 11    Spells: 13/13 levels left

rFire    . . .     SeeInvis +   a - +9 great sword "Worm" {slice, rElec Str+5 Dex-2 Stlth+}
rCold    . . .     Gourm    .   (shield currently unavailable)
rNeg     . . .     Faith    .   y - +0 plate armour
rPois    .         Spirit   .   (helmet restricted)
rElec    +         Reflect  +   z - +0 cloak {MR+}
rCorr    .         Harm     .   H - +2 pair of gloves {Str+3}
MR       +++..                  g - +0 pair of boots
Stlth    ..........             m - +4 amulet of reflection
Regen    0.4/turn               M - ring of see invisible
MPRegen  0.2/turn               J - ring of protection from magic

@: invisible
A: retaliatory headbutt, horns 2
a: Heroism, Finesse, Renounce Religion


You were on level 14 of the Dungeon.
You worshipped Okawaru.
Okawaru was exalted by your worship.
You were not hungry.

You visited 3 branches of the dungeon, and saw 21 of its levels.

You collected 1599 gold pieces.

Inventory:

Hand Weapons
 a - the +9 great sword "Worm" (weapon) {slice, rElec Str+5 Dex-2 Stlth+}
   (Okawaru gifted it to you on level 6 of the Lair of Beasts)

   It inflicts extra damage upon your enemies.
   It affects your strength (+5).
   It affects your dexterity (-2).
   It insulates you from electricity.
   It makes you more stealthy.
 n - a +5 long sword of flaming
Missiles
 b - 6 javelins (quivered)
Armour
 g - a +0 pair of boots (worn)
 y - a +0 plate armour (worn)
 z - a +0 cloak of magic resistance (worn)
 H - a +2 pair of gloves of strength (worn)
Jewellery
 k - an uncursed ring of protection from cold {unknown}
 m - a +4 amulet of reflection (around neck)
 I - the amulet of the Immovable Cities {RegenMP rF+, unknown}
   (You found it on level 13 of the Dungeon)

   [amulet of magic regeneration]

   It increases your magic regeneration.
   It protects you from fire.
 J - a ring of protection from magic (right hand)
 M - a ring of see invisible (left hand)
Wands
 e - a wand of acid (8/15)
 x - a wand of iceblast (15/15)
Scrolls
 c - a scroll of recharging
 d - 2 scrolls of magic mapping
 o - 2 scrolls of brand weapon
 s - 4 scrolls of identify
 t - a scroll of immolation
 u - a scroll of acquirement {unknown}
 v - a scroll of fog
 w - 10 scrolls of remove curse
 B - a scroll of vulnerability {unknown}
 G - 7 scrolls of teleportation
Potions
 h - 2 potions of cancellation
 i - a potion of might
 j - 2 potions of flight
 l - 2 potions of invisibility
 q - a potion of heal wounds
 r - 5 potions of haste
 C - a potion of berserk rage
 D - 4 potions of curing
 F - 2 potions of ambrosia
Miscellaneous
 p - a phial of floods
 A - a box of beasts
Comestibles
 f - 11 bread rations
 E - a meat ration


   Skills:
 + Level 15.0 Fighting
 + Level 15.0 Long Blades
 + Level 15.0 Armour
   Level 14.0 Shields


You had 13 spell levels left.
You didn't know any spells.

Dungeon Overview and Level Annotations

Branches:
Dungeon (14/15)            Temple (1/1) D:7            Lair (6/6) D:11
 Shoals (0/4) Lair:2       Spider (0/4) Lair:2        Slime (0/5) Lair:6
    Orc (0/2) D:11         Vaults (0/5) D:14

Altars:
Ashenzari
Cheibriados
Dithmenos
Elyvilon
Fedhas
Gozag
Hepliaklqana
Kikubaaqudgha
Makhleb
Nemelex Xobeh
Okawaru
Qazlal
Ru
Sif Muna
Trog
Uskayaw
Vehumet
Xom
Yredelemnul
Zin
The Shining One
Jiyva

Shops:
D:12 :


Innate Abilities, Weirdness & Mutations

You reflexively headbutt those who attack you in melee.
You have a pair of horns on your head.


Message History

The fiery explosion engulfs the human.
The human is heavily wounded.
The fiery explosion engulfs you!
* * * LOW HITPOINT WARNING * * *
The fiery explosion engulfs the two-headed ogre.
The two-headed ogre explodes!
The fiery explosion engulfs the human.
The human explodes!
The fiery explosion engulfs you!
* * * LOW HITPOINT WARNING * * *
The fiery explosion engulfs the human.
The human is severely wounded.
The fiery explosion engulfs the human.
The human explodes!
The fiery explosion engulfs the orc knight.
The orc knight is heavily wounded.
The fiery explosion engulfs the human.
The human is severely wounded.
The fiery explosion engulfs you!
You die...

#..##########
#...........#.
##.............
<.............
#...§c§§§..#
#..§§§§§§..#
#.§§§§§§§§.#
#.§§§§@§§§.#
#.§§pp§§§..#
......op§......
.......(.......
##..........##.
#..........#
#.#######..# ..
...


You could see an orc knight (inner flame), a centaur warrior (inner flame) and 3
humans.

Vanquished Creatures
  The ghost of baghtru the Cleaver, a journeyman HOFi of the Shining One (Lair:4)
  An ettin (D:12)
  The ghost of raetorn the Destroyer, a journeyman DsFE of Vehumet (D:11)
  7 hydras
  Erica (D:10)
  8 two-headed ogres
  The ghost of matyilona the Peltast, a novice BaFi of Cheibriados (D:9)
  3 skeletal warriors (D:12)
  An unseen horror (D:12)
  2 flayed ghosts (D:12)
  A necromancer (Lair:2)
  An ugly thing (D:12)
  2 manticores
  An elephant (Lair:1)
  Joseph (D:8)
  5 black mambas
  9 spiny frogs
  3 komodo dragons
  A merfolk (D:10)
  2 trolls
  3 meliai (D:13)
  5 hornets (Lair:6)
  8 polar bears
  11 blink frogs
  8 dream sheep
  6 hippogriffs
  10 spriggans (Lair:6)
  A shadow (D:13)
  2 wyverns
  A vampire (D:11)
  28 yaks
  The ghost of baghtru the Shield-Bearer, an amateur HOFi (D:4)
  3 basilisks
  A hungry ghost (D:10)
  A human (D:14)
  2 vampire mosquitoes (D:12)
  2 wargs (D:11)
  7 water moccasins
  12 porcupines
  2 phantoms
  6 orc warriors
  A sky beast (D:11)
  4 black bears
  2 centaurs
  2 necrophages
  16 wolves (Lair:6)
  3 boggarts (Lair:6)
  3 ogres
  10 crocodiles
  3 big kobolds
  9 bullfrogs
  3 scorpions
  4 killer bees (D:10)
  5 howler monkeys
  9 wights
  2 centaur zombies
  2 bullfrog zombies
  5 crimson imps
  A quasit (D:7)
  8 hounds
  2 jellies
  11 orc priests
  2 centaur skeletons
  17 orc wizards
  4 iguanas
  11 worker ants
  4 yak simulacra (Lair:2)
  A killer bee zombie (D:7)
  4 wolf simulacra (Lair:2)
  2 hound skeletons
  A worker ant zombie (D:7)
  3 howler monkey skeletons
  15 gnolls
  11 adders
  4 shadow imps
  2 oozes
  2 adder skeletons (D:9)
  2 dart slugs
  5 leopard geckos
  35 orcs
  3 giant cockroaches
  6 goblins
  8 hobgoblins
  8 jackals
  5 quokkas
  2 ball pythons
  8 bats
  3 frilled lizards
  22 kobolds
  A quokka skeleton (D:4)
  9 rats
  3 river rat simulacra (Lair:2)
  A fungus (Lair:3)
  A plant (Lair:1)
482 creatures vanquished.

Vanquished Creatures (others)
  4 centaurs
  2 orcs
  A kobold (D:8)
  3 fungi
10 creatures vanquished.

Grand Total: 492 creatures vanquished

Notes
Turn   | Place    | Note
-------+----------+-------------------------------------------
     0 | D:1      | Jakon the Minotaur Fighter began the quest for the Orb.
     0 | D:1      | Reached XP level 1. HP: 19/19 MP: 0/0
   164 | D:1      | Reached XP level 2. HP: 23/27 MP: 1/1
   645 | D:2      | Reached XP level 3. HP: 31/33 MP: 2/2
   721 | D:2      | Reached XP level 4. HP: 10/41 MP: 3/3
  1817 | D:3      | Found a glowing golden altar of the Shining One.
  2178 | D:3      | Reached XP level 5. HP: 47/47 MP: 4/4
  2339 | D:3      | Reached skill level 5 in Shields
  2344 | D:3      | Reached skill level 5 in Fighting
  2570 | D:4      | Noticed baghtru's ghost (amateur HOFi)
  2681 | D:4      | Killed baghtru's ghost
  2681 | D:4      | Reached skill level 5 in Armour
  2681 | D:4      | Reached XP level 6. HP: 35/56 MP: 5/5
  3442 | D:4      | Reached XP level 7. HP: 62/62 MP: 6/6
  3563 | D:4      | Reached skill level 5 in Long Blades
  3757 | D:5      | Entered Level 5 of the Dungeon
  4022 | D:5      | Found a glowing silver altar of Zin.
  4850 | D:7      | Reached XP level 8. HP: 14/71 MP: 7/7
  5797 | D:7      | Found a hazy altar of Hepliaklqana.
  6099 | D:7      | Found a staircase to the Ecumenical Temple.
  6103 | D:7      | Noticed a hippogriff
  6112 | Temple   | Entered the Ecumenical Temple
  6218 | Temple   | Became a worshipper of Warmaster Okawaru
  6332 | D:7      | Reached XP level 9. HP: 76/80 MP: 8/8
  6368 | D:6      | Found a snail-covered altar of Cheibriados.
  6534 | D:8      | Noticed a two-headed ogre
  6544 | D:8      | Killed a two-headed ogre
  6625 | D:8      | Reached * piety under Okawaru
  6643 | D:8      | Noticed Joseph
  6644 | D:8      | Noticed a manticore
  6850 | D:8      | Killed a manticore
  6862 | D:8      | Reached ** piety under Okawaru
  7170 | D:8      | Reached XP level 10. HP: 65/90 MP: 9/9
  7317 | D:8      | Killed Joseph
  7440 | D:8      | Got a transparent glaive
  7504 | D:8      | Noticed a two-headed ogre
  7533 | D:8      | Killed a two-headed ogre
  7533 | D:8      | Reached skill level 10 in Shields
  7846 | D:8      | Identified the cursed +1 glaive of Tortfeasance {flame, rN+ Int+3 Dex+2} (You found it on level 8 of the Dungeon)
  8162 | D:9      | Found a radiant altar of Vehumet.
  8215 | D:9      | Noticed matyilona's ghost (novice BaFi)
  8246 | D:9      | Killed matyilona's ghost
  8246 | D:9      | Reached *** piety under Okawaru
  8246 | D:9      | Reached skill level 10 in Fighting
  8399 | D:9      | Got a faintly humming robe
  8422 | D:9      | Identified the +1 robe of Amorality {rF++} (You found it on level 9 of the Dungeon)
  8457 | D:9      | Reached skill level 10 in Armour
  8794 | D:10     | Entered Level 10 of the Dungeon
  8886 | D:10     | Noticed a two-headed ogre
  8893 | D:10     | Killed a two-headed ogre
  8893 | D:10     | Reached **** piety under Okawaru
  8901 | D:10     | Reached skill level 10 in Long Blades
  9934 | D:10     | Noticed a two-headed ogre
  9949 | D:10     | Killed a two-headed ogre
  9949 | D:10     | Reached XP level 11. HP: 52/101 MP: 10/10
 10149 | D:10     | Noticed a two-headed ogre
 10692 | D:10     | Noticed Erica
 11196 | D:10     | Killed a two-headed ogre
 11522 | D:10     | Reached ***** piety under Okawaru
 12164 | D:10     | Killed Erica
 12333 | D:11     | Received a gift from Okawaru
 12469 | D:11     | Noticed raetorn's ghost (journeyman DsFE)
 12483 | D:11     | Killed raetorn's ghost
 12525 | D:11     | Found a staircase to the Orcish Mines.
 12777 | D:11     | Found a blossoming altar of Fedhas.
 12822 | D:11     | Found a staircase to the Lair.
 12927 | Lair:1   | Entered Level 1 of the Lair of Beasts
 13261 | Lair:1   | Noticed a seven-headed hydra
 13268 | Lair:1   | Killed a two-headed hydra
 13268 | Lair:1   | Reached XP level 12. HP: 93/112 MP: 11/11
 13731 | Lair:1   | Noticed an eight-headed hydra
 13736 | Lair:1   | Killed a three-headed hydra
 14446 | Lair:2   | Found a hole to the Spider Nest.
 14487 | Lair:2   | Noticed an eight-headed hydra
 14498 | Lair:2   | Killed a three-headed hydra
 14550 | Lair:2   | Found a staircase to the Shoals.
 14550 | Lair:2   | Noticed a four-headed hydra
 14558 | Lair:2   | Killed a one-headed hydra
 14596 | Lair:2   | Reached ****** piety under Okawaru
 14596 | Lair:2   | Received a gift from Okawaru
 14802 | Lair:2   | Noticed an eight-headed hydra
 14816 | Lair:2   | Killed a one-headed hydra
 16382 | Lair:4   | Noticed baghtru's ghost (journeyman HOFi)
 16413 | Lair:4   | Killed baghtru's ghost
 16636 | Lair:4   | Reached XP level 13. HP: 122/122 MP: 12/12
 18231 | Lair:6   | Entered Level 6 of the Lair of Beasts
 18600 | Lair:6   | Received a gift from Okawaru
 18603 | Lair:6   | Got a crystal great sword {god gift}
 18614 | Lair:6   | Identified the +9 great sword "Worm" {slice, rElec Str+5 Dex-2 Stlth+} (Okawaru gifted it to you on level 6 of the Lair of Beasts)
 18652 | Lair:6   | Found a viscous altar of Jiyva.
 18653 | Lair:6   | Found a staircase to the Slime Pits.
 20553 | Lair:6   | Received a gift from Okawaru
 20556 | Lair:6   | Got a dazzling falchion {god gift}
 20557 | Lair:6   | Identified the +1 falchion of Blind Justice {speed, rElec rN+ Int+4} (Okawaru gifted it to you on level 6 of the Lair of Beasts)
 21843 | D:12     | Reached XP level 14. HP: 120/133 MP: 13/13
 21980 | D:12     | Found a runed door.
 22008 | D:12     | Received a gift from Okawaru
 22379 | D:12     | Found Qieb's Book Shop.
 22601 | D:13     | Reached skill level 15 in Armour
 22686 | D:13     | Reached skill level 15 in Long Blades
 23039 | D:13     | Got a transparent ivory amulet
 23268 | D:14     | Found a gate to the Vaults.
 23271 | D:14     | Reached skill level 15 in Fighting
 23271 | D:14     | Killed from afar by a human

Skill      XL: |  1  2  3  4  5  6  7  8  9 10 11 12 13 14 |
---------------+-------------------------------------------+-----
Fighting       | 4 5 6 8 9 10 12 13 14 15 | 15.0
Shields        | 4 5 6 8 9 11 12 13 14 | 14.0
Long Blades    | 3 4 5 7 8 10 11 13 14 15 | 15.0
Armour         | 4 5 6 7 9 10 12 13 14 15 | 15.0

Action                   |  1- 3 |  4- 6 |  7- 9 | 10-12 | 13-15 || total
-------------------------+-------+-------+-------+-------+-------++-------
Melee: Long sword        |    66 |   158 |   173 |       |       ||   397
       Headbutt          |    13 |    28 |    71 |   139 |    83 ||   334
       Falchion          |       |       |   193 |   276 |       ||   469
       Scimitar          |       |       |       |   394 |   120 ||   514
       Great sword       |       |       |       |       |   243 ||   243
Throw: Javelin           |     3 |       |    11 |    50 |     4 ||    68
Evoke: Wand              |       |       |     5 |       |       ||     5
  Use: Potion            |       |     1 |     2 |     3 |     2 ||     8
       Scroll            |       |       |     7 |    21 |    12 ||    40
  Eat: Meat ration       |       |     1 |       |       |     2 ||     3
       Chunk             |       |     3 |    12 |     6 |    10 ||    31
       Bread ration      |       |       |     2 |     3 |       ||     5
       Fruit             |       |       |       |     2 |       ||     2
       Royal jelly       |       |       |       |     1 |     1 ||     2
Armor: Scale mail        |    38 |    43 |    19 |       |       ||   100
       Plate armour      |       |       |    98 |   196 |   234 ||   528
Dodge: Dodged            |    35 |    37 |    52 |    85 |   126 ||   335
Block: Shield            |    37 |    99 |   268 |   431 |    81 ||   916
       Reflection        |       |       |     7 |    18 |     1 ||    26
       Other             |       |       |       |       |    51 ||    51
       Rpst.: Long sword |    15 |     5 |    10 |       |       ||    30
       Falchion          |       |       |     4 |     4 |       ||     8
       Scimitar          |       |       |       |    10 |     4 ||    14
       Great sword       |       |       |       |       |    26 ||    26
